Map: Lost and Found LE

Players

Lambo - Winner!

  • Race: Zerg Zerg
  • Spawn Location: 7:00

Namshar

  • Race: Zerg Zerg
  • Spawn Location: 1:00

Event: WCS Austin 2018

VOD

Have the link to the VOD?

Description

Time

  • Played on: June 1, 2018, 6:07 p.m.
  • Length: 8:21

All games in this series

Show
View Real Time Build Order
Export as new Build Order

Lambo Zerg - Winner!

Build Orders: Hatch First 

Get SALT Encoding   

  12  0:01  Drone  
  13  0:12  Overlord  
  13  0:16  Drone  
  14  0:30  Drone x2  
  16  0:47  Hatchery  
  15  0:50  Drone  
  15  0:54  Drone  
  18  0:57  Drone  
  18  1:08  Extractor  
  17  1:12  Spawning Pool  
  17  1:15  Drone  
  17  1:18  Drone  
  18  1:27  Drone  
  19  1:39  Drone  
  20  1:50  Overlord  
  20  1:58  Queen x2  
  20  1:59  Drone  
  20  2:00  Drone  
  26  2:10  Drone  
  26  2:12  Drone  
  28  2:25  Zergling x2  
  28  2:26  Drone  
  30  2:34  Drone x2, Queen  
  34  2:37  Lair  
  34  2:42  Overlord  
  35  2:44  Drone  
  35  2:49  Evolution Chamber  
  34  2:59  Drone x2  
  34  3:05  Drone x2, Roach Warren  
  37  3:06  Drone x3  
  37  3:08  Drone  
  37  3:11  Overlord  
  41  3:17  Zerg Missile Weapons Level 1  
  41  3:21  Drone  
  41  3:22  Drone  
  41  3:23  Drone  
  44  3:27  Extractor  
  44  3:28  Drone  
  44  3:29  Extractor  
  44  3:30  Drone  
  44  3:38  Drone x4  
  44  3:39  Drone  
  49  3:54  Hatchery  
  48  3:56  Glial Reconstitution  
  48  3:58  Roach x2  
  52  4:03  Overlord  
  52  4:10  Overlord  
  51  4:18  Overlord  
  51  4:20  Overseer  
  51  4:23  Drone  
  52  4:24  Roach  
  52  4:25  Roach x3  
  52  4:26  Overlord  
  60  4:32  Roach x3  
  60  4:35  Drone  
  67  4:43  Drone x4  
  71  4:46  Drone, Extractor  
  71  4:48  Drone x3  
  74  4:53  Evolution Chamber, Drone  
  74  4:57  Roach  
  76  5:05  Drone  
  77  5:07  Drone  
  77  5:08  Roach  
  77  5:12  Zerg Missile Weapons Level 2  
  77  5:13  Roach x2  
  84  5:16  Roach x2  
  84  5:19  Zerg Ground Armor Level 1  
  84  5:20  Roach  
  90  5:21  Overlord  
  90  5:22  Overlord  
  90  5:27  Overlord  
  90  5:34  Overlord  
  90  5:44  Roach x3  
  90  5:45  Roach  
  98  5:57  Roach x3  
  98  5:58  Overlord, Roach  
  98  5:59  Overlord  
  98  6:00  Roach  
  98  6:01  Roach x5  
  118  6:05  Overlord  
  118  6:06  Roach  
  118  6:11  Overlord  
  120  6:13  Ravager x2  
  122  6:19  Overlord  
  122  6:20  Roach x3  
  122  6:24  Overlord  
  122  6:25  Roach  
  130  6:26  Ravager  
  130  6:29  Ravager  
  130  6:30  Roach  
  130  6:31  Overlord  
  134  6:33  Roach x2  
  134  6:38  Roach x2  
  142  6:41  Roach  
  142  6:44  Roach  
  146  6:48  Roach x2  
  146  6:53  Roach x2  
  154  6:57  Roach x2  
  158  7:04  Roach x3  
  158  7:08  Roach x2  
  168  7:10  Overlord  
  168  7:13  Roach x2  
  168  7:18  Roach x2  
  168  7:21  Overlord, Roach  
  171  7:26  Roach x2  
  171  7:28  Roach x2  
  178  7:32  Roach  
  178  7:35  Roach x2  
  158  7:45  Roach x4  
  158  7:49  Roach  
  158  7:50  Roach  
  138  7:54  Roach x2  
  138  7:58  Roach  
  130  8:01  Roach x2  
Show
View Real Time Build Order
Export as new Build Order

Namshar Zerg 

Build Orders: Hatch First 

Get SALT Encoding   

  12  0:00  Drone  
  13  0:12  Overlord  
  13  0:17  Drone  
  14  0:30  Drone  
  14  0:31  Drone  
  14  0:34  Drone  
  17  0:50  Hatchery  
  17  0:53  Drone  
  18  0:57  Drone  
  18  1:07  Extractor  
  17  1:11  Spawning Pool  
  17  1:14  Drone  
  17  1:18  Drone  
  18  1:28  Drone  
  19  1:40  Overlord  
  19  1:49  Drone  
  20  1:58  Queen  
  20  2:00  Zergling x2  
  23  2:03  Queen  
  23  2:04  Zergling x2  
  23  2:07  Metabolic Boost  
  26  2:11  Drone  
  26  2:13  Drone  
  29  2:22  Drone  
  29  2:26  Drone  
  30  2:32  Hatchery  
  29  2:37  Drone  
  29  2:41  Overlord  
  29  2:43  Drone  
  31  2:48  Drone  
  30  2:59  Drone  
  30  3:00  Drone  
  32  3:07  Evolution Chamber, Drone  
  32  3:08  Drone  
  32  3:09  Drone x3  
  36  3:13  Drone x3  
  39  3:22  Drone  
  39  3:23  Overlord  
  40  3:28  Extractor  
  40  3:30  Roach Warren  
  40  3:32  Drone  
  40  3:33  Drone, Zerg Missile Weapons Level 1  
  40  3:39  Overlord  
  40  3:41  Drone x2  
  42  3:46  Extractor  
  42  3:47  Drone  
  42  3:48  Drone x2  
  44  3:57  Drone  
  44  3:58  Overlord  
  44  4:02  Queen  
  45  4:04  Drone  
  48  4:12  Roach x5  
  58  4:19  Roach x3  
  58  4:23  Drone  
  65  4:26  Overlord  
  65  4:29  Lair  
  65  4:35  Overlord  
  65  4:38  Roach  
  67  4:41  Roach x3  
  73  4:49  Overlord x2, Drone  
  74  4:56  Drone x3  
  74  4:57  Drone  
  78  5:04  Drone x2  
  78  5:06  Overlord x2  
  80  5:14  Overlord  
  80  5:15  Queen  
  80  5:17  Drone  
  80  5:18  Extractor  
  80  5:21  Drone x3  
  83  5:26  Overseer  
  83  5:27  Glial Reconstitution  
  85  5:34  Roach x3  
  91  5:39  Roach x3  
  97  5:43  Roach x2  
  97  5:48  Zerg Missile Weapons Level 2  
  103  5:50  Roach x4  
  103  5:56  Overlord x2  
  109  6:01  Roach  
  109  6:02  Roach x2  
  115  6:12  Drone  
  115  6:13  Drone x4, Hydralisk Den  
  115  6:15  Drone  
  115  6:16  Drone x3  
  123  6:21  Overseer  
  123  6:23  Drone  
  123  6:24  Overlord x2  
  124  6:29  Roach x3  
  124  6:31  Extractor  
  129  6:33  Extractor  
  129  6:35  Overlord  
  128  6:43  Overlord  
  128  6:45  Muscular Augments  
  128  6:48  Roach x5  
  138  6:58  Roach x5  
  148  7:03  Roach  
  148  7:04  Roach x2  
  150  7:15  Roach x5  
  160  7:18  Overlord x2  
  160  7:22  Roach  
  160  7:23  Roach x2  
  160  7:31  Overlord x2  
  160  7:35  Ravager  
  160  7:36  Ravager  
  136  7:46  Roach x4  
  118  7:51  Roach x2  
  118  7:54  Roach x2  
  118  7:57  Roach  
  105  8:01  Roach x2, Zergling x4  
Tags
 
Add a new tag
Caveats
  • Supply blocks, unpowered buildings, or Contaminate may cause inaccurate times.
  • Supply counts are checked every 10 seconds.